 Dungeon Crawl Stone Soup version 0.24-a0-507-g3e8b2426 (webtiles) character file.

Game seed: 663243379033712977

35 sighowe the Stinger (level 3, -1/26 HPs)
             Began as a Draconian Venom Mage on July 18, 2019.
             Slain by a gnoll
             ... wielding a +0 whip
              (6 damage)
             ... on level 2 of the Dungeon.
             The game lasted 00:02:44 (1018 turns).

sighowe the Stinger (Draconian Venom Mage)          Turns: 1018, Time: 00:02:45

Health: -1/26      AC:  5    Str: 10    XL:     3   Next: 17%
Magic:  2/6        EV: 12    Int: 16    God:
Gold:   39         SH:  0    Dex: 11    Spells: 5/6 levels left

rFire    . . .     SeeInvis .   (no weapon)
rCold    . . .     Gourm    .   (no shield)
rNeg     . . .     Faith    .   (armour unavailable)
rPois    .         Spirit   .   (helmet restricted)
rElec    .         Reflect  .   (no cloak)
rCorr    +         Harm     .   (no gloves)
MR       .....                  (no boots)
Stlth    ++........             (no amulet)
HPRegen  0.08/turn              a - ring of wizardry
MPRegen  0.10/turn              e - ring of resist corrosion

@: no status effects
A: unfitting armour, cold-blooded, AC +5
a: no special abilities


You were on level 2 of the Dungeon.
You were hungry.

You visited 1 branch of the dungeon, and saw 2 of its levels.

You collected 39 gold pieces.

Inventory:

Jewellery
 a - a ring of wizardry (left hand)
 e - a ring of resist corrosion (right hand)
Scrolls
 c - a scroll of noise {unknown}
 f - a scroll of fear
 h - 5 scrolls of identify
 i - a scroll of teleportation {unknown}
Potions
 g - a potion of lignification
Comestibles
 b - 3 rations


   Skills:
 + Level 2.1 Dodging
 + Level 2.0 Stealth
 + Level 2.3 Spellcasting
 + Level 1.1 Conjurations
 + Level 3.6 Poison Magic


You had 5 spell levels left.
You knew the following spells:

 Your Spells              Type           Power        Failure   Level  Hunger
a - Sting                 Conj/Pois      #...         3%          1    #......

Your spell library contained the following spells:

 Spells                   Type           Power        Failure   Level  Hunger
 Poisonous Vapours        Pois/Air       #.....       6%          2    ###....
 Mephitic Cloud           Conj/Pois/Air  #.......     12%         3    ###....
 Olgreb's Toxic Radiance  Pois           ##......     17%         4    #####..
 Venom Bolt               Conj/Pois      #.........   58%         5    ######.


Dungeon Overview and Level Annotations

Branches:
Dungeon (2/15)

Altars:
Kikubaaqudgha


Innate Abilities, Weirdness & Mutations

Your plain brown scales are hard. (AC +5)
You cannot fit into any form of body armour.
You are cold-blooded and may be slowed by cold attacks.


Message History

Aiming: Sting (safe; 3% risk of failure)
Press: ? - help, Shift-Dir - straight line, f - rat
Aim: a rat The sting hits the rat.
The rat is poisoned.
You kill the rat!
Casting: Sting (safe; 3% risk of failure)
Confirm with . or Enter, or press ? or * to list all spells.
Aiming: Sting (safe; 3% risk of failure)
Press: ? - help, Shift-Dir - straight line, f - gnoll
Aim: a gnoll, wielding a -3 spear The sting misses the gnoll.
A bat comes into view.
Things that are here:
a +0 spear; a scroll of identify; 7 gold pieces The gnoll shouts!
The bat barely misses you.
There is a stone staircase leading up here.
The bat hits you but does no damage. The gnoll misses you.
The gnoll hits you with a +0 whip.
You die...

#....§§§..(..#
###...§§§.##.# #
##..§§.##..# #.#
##§.§##.#.#?#...
##)##.......g
#o#...#+#'##
#.g........#
###g..b....+
#@.......#
#...........
#..######.##
#.## ≈≈≈ ### ⌠≈.
^#


You could see 2 gnolls, an orc and a bat.

Vanquished Creatures
  A gnoll (D:2)
  An adder (D:2)
  2 dart slugs (D:1)
  A giant cockroach (D:2)
  A hobgoblin (D:1)
  3 bats (D:1)
  A frilled lizard (D:1)
  2 kobolds (D:1)
  3 rats
15 creatures vanquished.

Notes
Turn   | Place    | Note
-------+----------+-------------------------------------------
     0 | D:1      | sighowe the Draconian Venom Mage began the quest for the
                  | Orb.
     0 | D:1      | Reached XP level 1. HP: 14/14 MP: 3/3
   422 | D:1      | Reached XP level 2. HP: 20/20 MP: 3/5
   885 | D:2      | Found an ancient bone altar of Kikubaaqudgha.
   991 | D:2      | Reached XP level 3. HP: 3/26 MP: 1/6
  1018 | D:2      | Slain by a gnoll

Levels and vault maps discovered:
D:1:      moated_graveyard_arrival, layout_basic
D:2:      layout_basic, lemuel_round_altar, tgw_xom, grunt_ministairs_6

Skill      XL: |  1  2 |
---------------+-------+-----
Dodging        | 2 |  2.1
Stealth        | 2 |  2.0
Spellcasting   | |  2.3
Conjurations   | |  1.1
Poison Magic   | |  3.6

Action                   || total
-------------------------++-------
Melee: Unarmed           ||     6
       Tailslap          ||     1
 Cast: Sting             ||    28
  Use: Scroll            ||     5
Armor: Skin              ||     6
Dodge: Dodged            ||     9

Table legend:
 A = Non-vault XP
 B = Vault XP
 C = Vault XP percentage of total XP
 D = Non-vault monster count
 E = Vault monster count
 F = Vault count percentage of total count
                 A         B        C        D         E       F
            +---------+---------+-------+---------+---------+-------
      Total |      51 |       0 |   0.0 |      15 |       0 |   0.0
            +---------+---------+-------+---------+---------+-------
        D:1 |      19 |       0 |   0.0 |      11 |       0 |   0.0
        D:2 |      32 |       0 |   0.0 |       4 |       0 |   0.0
            +---------+---------+-------+---------+---------+-------
